 Dungeon Crawl Stone Soup version 0.27.0-1-g7a089689b8 (webtiles) character file.

Game seed: 2862071527406609617

46 oldmanjim the Skirmisher (level 3, -4/29 HPs)
             Began as a Formicid Warper on Aug 3, 2021.
             Slain by Sigmund (5 damage)
             ... on level 2 of the Dungeon on Aug 4, 2021.
             The game lasted 00:08:43 (1739 turns).

oldmanjim the Skirmisher (Formicid Warper)          Turns: 1739, Time: 00:08:44

Health: -4/29      AC:  6    Str: 16    XL:     3   Next: 95%
Magic:  6/6        EV: 10    Int: 12    God:
Gold:   21         SH:  0    Dex: 10    Spells: 6/6 levels left

rFire    . . .     SeeInvis +   h - +2 dagger (venom)
rCold    . . .     Faith    .   (no shield)
rNeg     . . .     Spirit   .   j - +0 ring mail
rPois    .         Reflect  .   (helmet unavailable)
rElec    .         Harm     .   (no cloak)
rCorr    .         Rampage  .   (no gloves)
Will     .....                  i - +0 pair of boots
Stlth    ..........             (no amulet)
HPRegen  0.09/turn              (no ring)
MPRegen  0.10/turn              (no ring)

@: confused
A: permanent stasis, dig shafts and tunnels, antennae 3, four strong arms
a: Dig, Shaft Self


You were on level 2 of the Dungeon.
You visited 1 branch of the dungeon, and saw 2 of its levels.

You collected 21 gold pieces.

Inventory:

Hand Weapons
 a - a +0 spear
 b - a +0 hunting sling
 h - a +2 dagger of venom (weapon)
Missiles
 c - 5 boomerangs of dispersal (quivered)
 d - 27 stones
 f - 16 sling bullets
Armour
 i - a +0 pair of boots (worn)
 j - a +0 ring mail (worn)
Scrolls
 g - a scroll of teleportation {unknown}
 k - a scroll of enchant weapon {unknown}
 l - a scroll of identify {unknown}
Potions
 e - a potion of curing {unknown}


   Skills:
 + Level 3.4 Fighting
 - Level 2.0 Polearms
 - Level 1.0 Throwing
 + Level 2.7 Armour
 - Level 1.7 Dodging
 - Level 2.1 Spellcasting
 - Level 2.6 Translocations


You had 6 spell levels left.
You didn't know any spells.
Your spell library contained the following spells:

 Spells                   Type           Power      Damage    Failure   Level
 Gell's Gravitas          Tloc           3%         N/A       45%         3
 Lesser Beckoning         Tloc           3%         N/A       45%         3
 Teleport Other           Tloc           7%         N/A       45%         3
 Corpse Rot               Necr/Air       N/A        N/A       58%         2
 Dispel Undead            Necr           1%         3d6       99%         4
 Manifold Assault         Tloc           7%         N/A       99%         5
 Death Channel            Necr           0%         N/A       100%        6
 Blink                    Tloc           Unusable   N/A       N/A         2

Dungeon Overview and Level Annotations

Branches:
Dungeon (2/15)

Altars:

Annotations:
D:2 Sigmund


Innate Abilities, Weirdness & Mutations

You cannot be hasted, slowed, berserked, paralysed or teleported.
You can dig through walls and to a lower floor.
You have a pair of large antennae on your head. (SInv)
Your four strong arms can wield two-handed weapons with a shield.


Message History

Sigmund the Dreaded comes into view.
He is wielding a +0 scythe.
Sigmund shouts!
You see here 17 stones.
Found a stone staircase leading down.
You extend your mandibles.
You dig through the rock wall.
Fire: 27 stones
Press: ? - help, Q - select action, (/) - cycle Shift-Dir - straight line, f - you
Okay, then.
You retract your mandibles.
You extend your mandibles.
You dig through the rock wall.
You dig through the rock wall.
a - a +0 spear (weapon)
You retract your mandibles.
A bat comes into view.
The bat hits you but does no damage. The bat hits you but does no damage.
You barely miss Sigmund. Sigmund hits you with a +0 scythe.
You hit Sigmund.
Sigmund is lightly wounded.
Sigmund hits you with a +0 scythe!
You hit Sigmund.
Sigmund is moderately wounded.
Sigmund closely misses you.
You hit Sigmund.
Sigmund is moderately wounded.
Sigmund points at you and mumbles some strange words.
You are confused.
You bump into the rock wall.
Sigmund hits you with a +0 scythe!
* * * LOW HITPOINT WARNING * * *
You bump into the rock wall.
Sigmund closely misses you.
You're too confused to move!
Sigmund barely misses you.
You bump into the rock wall.
Sigmund hits you with a +0 scythe.
* * * LOW HITPOINT WARNING * * *
Your +2 dagger of venom begins to drip with poison!
h - a +2 dagger of venom (weapon)
Sigmund closely misses you.
You bump into the rock wall.
Sigmund hits you with a +0 scythe.
You die...

#.. #. #.. #. #..
#. #.. .## #.. ..#
#.. #.# #.. ####.#
########.. #@#..#
.......... ##@#.##
#######...
###########..# #..#
#... ...........#.#
#..####...
.........@.#.#
#.........
.......(...#..
##.####†##
...........##.. #.#
#.# ...........#
..##.# #.#
...........##.>##.#
#.##


You could see Sigmund.

Vanquished Creatures
  2 dart slugs (D:1)
  4 ball pythons (D:1)
  5 endoplasms
  A giant cockroach (D:1)
  3 hobgoblins (D:1)
  6 jackals
  3 kobolds
  3 quokkas
  3 bats (D:1)
  2 frilled lizards
  2 goblins
  5 rats
39 creatures vanquished.

Vanquished Creatures (others)
  7 fungi (D:2)
  4 plants (D:2)
11 creatures vanquished.

Grand Total: 50 creatures vanquished

Notes
Turn   | Place    | Note
-------+----------+-------------------------------------------
     0 | D:1      | oldmanjim the Formicid Warper began the quest for the Orb.
     0 | D:1      | Reached XP level 1. HP: 16/16 MP: 3/3
   122 | D:1      | Reached XP level 2. HP: 23/23 MP: 5/5
   666 | D:1      | Reached skill level 3 in Fighting
   666 | D:1      | Reached XP level 3. HP: 29/29 MP: 6/6
  1707 | D:2      | Noticed Sigmund
  1737 | D:2      | HP: 1/29 [Sigmund (4)]
  1739 | D:2      | Slain by Sigmund

Illustrated notes

Levels and vault maps discovered:
D:1:      shiori_arrival_oz, layout_loops_ring
D:2:      layout_basic, shapermc_ecumenical_altar_mp_urbaneastern, uniq_natasha,
          uniq_sigmund

Skill      XL: |  1  2 |
---------------+-------+-----
Armour         | 2 |  2.7
Fighting       | 3 |  3.4
Polearms       | |  2.0
Throwing       | |  1.0
Dodging        | |  1.7
Spellcasting   | |  2.1
Translocations | |  2.6

Action                   || total
-------------------------++-------
Melee: Spear             ||   170
 Abil: Dig               ||     3
Armor: Leather armour    ||    21
       Ring mail         ||    23
Dodge: Dodged            ||    79
